 Dungeon Crawl Stone Soup version 0.19.0-11-g3fc08b3 (webtiles) character file.

49 TatsumakiMagi the Sneak (level 3, -2/28 HPs)
             Began as a Naga Enchanter on Nov 8, 2016.
             Slain by a goblin
             ... wielding a +0 quarterstaff
              (7 damage)
             ... on level 2 of the Dungeon.
             The game lasted 00:24:28 (1116 turns).

TatsumakiMagi the Sneak (Naga Enchanter)            Turns: 1116, Time: 00:24:29

Health: -2/28      AC:  6    Str: 11    XL:     3   Next: 75%
Magic:  6/6        EV: 10    Int: 15    God:
Gold:   34         SH:  0    Dex: 11    Spells: 3 memorised, 0 levels left

rFire  . . .     SeeInvis +     p - +2 mace (holy)
rCold  . . .     Gourm    .     b - +1 robe
rNeg   . . .     Faith    .     (no shield)
rPois  +         Spirit   .     s - +0 helmet
rElec  .         Reflect  .     o - +1 cloak
rCorr  .         Harm     .     (no gloves)
MR     .....                    (no barding)
Stlth  +++.......               (no amulet)
                                (no ring)
                                q - ring of flight

@: very slow
A: see invisible, deformed body, poison resistance, slowness 2, slow metabolism
1, spit poison 1, AC +1
a: Spit Poison, Evoke Flight


You were on level 2 of the Dungeon.
You were hungry.

You visited 1 branch of the dungeon, and saw 2 of its levels.

You collected 34 gold pieces.

Inventory:

Hand Weapons
 a - a +2 dagger
 f - a +0 hunting sling
 i - a +0 club
 l - a +0 whip
 m - a +0 hand axe
 p - a +2 mace of holy wrath (weapon)
Missiles
 g - a tomahawk
 j - 33 bolts
 k - 30 stones (quivered)
 r - 14 sling bullets
Armour
 b - a +1 robe (worn)
 e - a +0 chain mail
 o - a +1 cloak (worn)
 s - a +0 helmet (worn)
Jewellery
 q - a ring of flight (left hand)
Scrolls
 n - a scroll of remove curse {unknown}
Books
 c - a book of Maledictions

   Spells                             Type                      Level
   a - Corona                         Hexes                        1
   b - Ensorcelled Hibernation        Hexes/Ice                    2
   c - Confuse                        Hexes                        3
   d - Tukima's Dance                 Hexes                        3
   e - Dazzling Spray                 Conjuration/Hexes            3
Comestibles
 d - a bread ration


   Skills:
 + Level 0.2 Fighting
 + Level 1.1 Short Blades
 + Level 0.4 Armour
 + Level 1.8 Dodging
 * Level 5.2 Stealth
 * Level 2.3 Spellcasting
 + Level 3.5 Hexes


You couldn't memorise any spells.
You knew the following spells:

 Your Spells              Type           Power        Failure   Level  Hunger
a - Corona                Hex            ##.....      6%          1    #......
b - Ensorcelled Hibernat  Hex/Ice        #.....       17%         2    ###....
c - Tukima's Dance        Hex            ##......     17%         3    ###....


Dungeon Overview and Level Annotations

Branches:
Dungeon (2/15)

Altars:
Ashenzari


Innate Abilities, Weirdness & Mutations

You cannot wear boots.
Your serpentine skin is tough. (AC +1)
You have supernaturally acute eyesight. (SInv)
Armour fits poorly on your strangely shaped body.
Your system is resistant to poisons. (rPois)
You cover ground very slowly.
You have a slow metabolism.
You can spit poison.


Message History

Casting: Corona
Confirm with . or Enter, or press ? or * to list all spells.
Aiming: Tukima's Dance
Press: ? - help, Shift-Dir - straight line, f - goblin
Aim: a goblin, wielding a quarterstaff (chance to defeat MR: 66%)
The goblin struggles to resist.
The goblin hits you with a quarterstaff.
* * * LOW HITPOINT WARNING * * *
The hobgoblin barely misses you. The goblin barely misses you.
A goblin opens the door.
You hit the hobgoblin.
The hobgoblin is severely wounded.
The hobgoblin barely misses you.
The goblin hits you with a quarterstaff.
* * * LOW HITPOINT WARNING * * *
It was a potion of magic.
Magic courses through your body.
The hobgoblin hits you but does no damage.
The goblin hits you with a quarterstaff!
You die...

#####....# ..# #.....###
##.. ##.#...⌠.##+##.⌠#
#.....#.........#
#..###.#.......#
#..#...#..)....# ..
#..#...'..._...+ ...
#..#...#.......# ....
#..#####..@....#####...
#.....#..gg..........###
#...)..⌠..#'.#.⌠#.......
#.....###....####....#
#......).#......†....#
#.....#..#...#..(....#
#........#####(.........
#....##.... ...##....###
#....##...###### ....#


You could see a hobgoblin and a goblin.

Vanquished Creatures
  Robin (D:2)
  An ooze (D:2)
  2 dart slugs
  8 goblins
  5 hobgoblins
  3 kobolds
  4 bats
  3 rats (D:1)
27 creatures vanquished.

Notes
Turn   | Place    | Note
-------+----------+-------------------------------------------
     0 | D:1      | TatsumakiMagi the Naga Enchanter began the quest for the Orb.
     0 | D:1      | Reached XP level 1. HP: 15/15 MP: 3/3
   302 | D:1      | Reached XP level 2. HP: 16/22 MP: 3/5
   616 | D:1      | Reached skill level 5 in Stealth
   642 | D:1      | Learned a level 2 spell: Ensorcelled Hibernation
   906 | D:2      | Noticed Robin
   921 | D:2      | Killed Robin
   921 | D:2      | Reached XP level 3. HP: 12/28 MP: 4/6
   987 | D:2      | Learned a level 3 spell: Tukima's Dance
   998 | D:2      | Found a shattered altar of Ashenzari.
  1116 | D:2      | Slain by a goblin

Skill      XL: |  1  2 |
---------------+-------+-----
Stealth        | 5 |  5.2
Fighting       | |  0.2
Short Blades   | |  1.1
Armour         | |  0.4
Dodging        | |  1.8
Spellcasting   | |  2.3
Hexes          | |  3.5

Action                   || total
-------------------------++-------
Melee: Dagger            ||    82
       Mace              ||    21
 Cast: Corona            ||     6
       Ensorcelled Hiber ||     1
       Tukima's Dance    ||     1
  Use: Scroll            ||     6
       Potion            ||     3
 Stab: Sleeping          ||     5
Armor: Robe              ||    43
       Chain mail        ||    14
Dodge: Dodged            ||    62
